 Dungeon Crawl Stone Soup version 0.17-a0-1570-g74b7129 (console) character file.

68 Monkaria the Chopper (level 4, -1/42 HPs)
             Began as a Deep Dwarf Berserker on July 23, 2015.
             Was a Follower of Trog.
             Slain by Natasha (6 damage)
             ... on level 3 of the Dungeon.
             The game lasted 00:03:16 (1623 turns).

Monkaria the Chopper (Deep Dwarf Berserker)         Turns: 1623, Time: 00:03:16

Health: -1/42      AC:  3    Str: 21    XL:     4   Next: 1%
Magic:  4/4        EV: 12    Int:  7    God:    Trog [*.....]
Gold:   210        SH:  0    Dex: 13    Spells: 0 memorised, 3 levels left

rFire  . . .     SeeInvis .     a - +0 hand axe
rCold  . . .     Clarity  .     b - +0 animal skin
rNeg   . . .     SustAt   .     (no shield)
rPois  .         Gourm    .     (no helmet)
rElec  .         Spirit   .     o - +0 cloak
rCorr  .         Warding  .     (no gloves)
rMut   .         Stasis   .     (no boots)
MR     .....                    (no amulet)
Stlth  +.........               (no ring)
                                (no ring)

@: non-regenerating, not resistant to hostile enchantments, very unstealthy
A: damage resistance, recharge devices, sense surroundings 1, slow healing 3
a: Device Recharging, Burn Spellbooks, Berserk, Renounce Religion


You were on level 3 of the Dungeon.
You worshipped Trog.
Trog was aware of your devotion.
You were hungry.

You visited 1 branch of the dungeon, and saw 3 of its levels.

You collected 210 gold pieces.

Inventory:

Hand weapons
 a - a +0 hand axe (weapon)
Armour
 b - a +0 animal skin (worn)
 o - a +0 cloak (worn)
Magical devices
 c - a wand of heal wounds (1)
 j - a wand of digging (17)
 k - a wand of fireball (5)
Scrolls
 n - a scroll of remove curse
Potions
 e - 4 potions of curing
 g - a potion of might {unknown}
 i - a potion of poison {unknown}
 l - a potion of magic {unknown}
 m - a potion of heal wounds {unknown}
Comestibles
 d - a bread ration


   Skills:
 - Level 3.0 Fighting
 + Level 5.1 Axes
 - Level 2.1 Armour
 - Level 2.1 Dodging


You had 3 spell levels left.
You didn't know any spells.

Dungeon Overview and Level Annotations

Branches:
Dungeon (3/15)

Altars:

Annotations:
D:3 Natasha


Innate Abilities, Weirdness & Mutations

You are resistant to damage.
You can recharge devices by infusing magical energy.
You passively map a small area around you.
You do not heal naturally.


Message History

The white imp is almost dead.
The white imp disappears in a puff of smoke!
The white imp completely misses you.
You hit the white imp.
You kill the white imp!
You miss Natasha.
Natasha casts a spell.
You hit Natasha but do no damage.
Natasha mumbles some strange words.
The white imp lashes its tail.
You barely miss Natasha. You hit the white imp.
The white imp is lightly wounded.
Natasha misses you. The white imp gestures at you. The puff of frost hits you!
* * * LOW HITPOINT WARNING * * *
You hit Natasha but do no damage. You closely miss the white imp.
The white imp is lightly wounded.
Natasha claws you!
You die...

, * * , * * * * ##+##
* ##...## * * *
##.....## * #
##.......## ,#)# ,
.##.........####....#
..'.........@h55g...#
,
*#........5####....#
*, ##.......## ,#.#
##.####.....## *
...........##
#.####.#+## ,* *
#.#.# ,,, *
#.#.#######.##* , *
#.#.#.........


You could see Natasha, a crimson imp, 2 white imps and a goblin.

Vanquished Creatures
  2 adders (D:2)
  An ooze (D:2)
  3 worms (D:2)
  2 giant geckos (D:1)
  An orc (D:2)
  2 ball pythons (D:2)
  3 bats
  2 giant cockroaches (D:2)
  2 goblins (D:2)
  3 hobgoblins
  3 jackals (D:2)
  3 giant newts
  3 kobolds
  4 rats
34 creatures vanquished.

Notes
Turn   | Place    | Note
--------------------------------------------------------------
     0 | D:1      | Monkaria the Deep Dwarf Berserker began the quest for the Orb.
     0 | D:1      | Reached XP level 1. HP: 20/20 MP: 1/1
   308 | D:1      | Reached XP level 2. HP: 22/28 MP: 2/2
   340 | D:1      | You fall through a shaft!
   413 | D:2      | Reached skill level 4 in Axes
   879 | D:2      | Reached XP level 3. HP: 25/34 MP: 3/3
  1035 | D:2      | Acquired Trog's second power
  1344 | D:2      | Reached skill level 5 in Axes
  1509 | D:2      | Reached XP level 4. HP: 18/42 MP: 4/4
  1598 | D:3      | Noticed Natasha
  1623 | D:3      | Slain by Natasha

Vault maps used:
D:1:      dpeg_arrival_erosion
D:2:      grunt_decor_mini_mirrors
D:3:      first_bread, portal_sewer_entry_d, grunt_decor_one_mirror,
          uniq_natasha

Action                   |  1- 3 |  4- 6 || total
-------------------------+-------+-------++-------
Melee: Hand axe          |   131 |    18 ||   149
Invok: Trog's Hand       |     1 |     1 ||     2
Evoke: Wand              |     3 |     1 ||     4
  Use: Scroll            |       |     3 ||     3
 Stab: Sleeping          |     2 |       ||     2
  Eat: Chunk             |     2 |       ||     2
